 Dungeon Crawl Stone Soup version 0.29.1-2-gbd0b4ee654 (webtiles) character file.

Game seed: 12562436824816880095

590 kingsuperguy the Cutter (level 7, -2/93 HPs)
             Began as a Minotaur Berserker on Nov 16, 2022.
             Was a Believer of Trog.
             Killed from afar by an electric eel (9 damage)
             ... with a bolt of electricity
             ... on level 3 of the Dungeon.
             The game lasted 00:07:06 (4155 turns).

kingsuperguy the Cutter (Minotaur Berserker)        Turns: 4155, Time: 00:07:07

Health: -2/93      AC:  4    Str: 21    XL:     7   Next: 15%
Magic:  6/6        EV: 13    Int:  4    God:    Trog [**....]
Gold:   208        SH:  0    Dex: 12    Spells: 6/6 levels left

rFire   . . .      SeeInvis .   o - +0 rapier
rCold   . . .      Faith    .   (no shield)
rNeg    . . .      Spirit   .   u - +2 animal skin
rPois   .          Reflect  .   (helmet restricted)
rElec   .          Harm     .   (no cloak)
rCorr   .          Rampage  .   (no gloves)
Will    ++...                   (no boots)
Stlth   ..........              (no amulet)
HPRegen 1.25/turn               (no ring)
MPRegen 0.10/turn               (no ring)

@: berserking (expiring), strong-willed, regenerating, very quick
A: horns 2, retaliatory headbutt
a: Renounce Religion, Berserk, Trog's Hand


You were on level 3 of the Dungeon.
You worshipped Trog.
Trog was pleased with you.
You visited 1 branch of the dungeon, and saw 5 of its levels.

You collected 208 gold pieces.

Inventory:

Hand Weapons
 a - a +0 short sword
 o - a +0 rapier (weapon)
 t - a +0 sling
 y - a +0 trident
 A - a +1 hand axe of flaming
Missiles
 e - 9 boomerangs (quivered)
 g - 43 stones
 B - 7 poisoned darts
Armour
 b - a +0 animal skin
 i - a +0 ring mail
 u - a +2 animal skin (worn)
Jewellery
 l - the amulet of Elemental Vulnerability {rPois rF-- rC-- AC+8}
   (You found it on level 4 of the Dungeon)

   [amulet of nothing]

   AC:        It affects your AC (+8).
   rF:        It makes you very vulnerable to fire.
   rC:        It makes you very vulnerable to cold.
   rPois:     It protects you from poison.
 m - an amulet of the acrobat
Wands
 C - a wand of charming (14)
 D - a wand of flame (14)
Scrolls
 c - a scroll of summoning {unknown}
 d - a scroll of immolation {unknown}
 f - 3 scrolls of identify {unknown}
 j - a scroll of poison
 k - a scroll of fog {unknown}
 p - 3 scrolls of enchant weapon {unknown}
 q - a scroll of fear {unknown}
 r - a scroll of magic mapping
 s - 2 scrolls of noise
 w - a scroll of amnesia {unknown}
Potions
 h - a potion of flight
 n - a potion of haste {unknown}
 v - a potion of lignification {unknown}
 x - a potion of attraction {unknown}
 z - a potion of ambrosia {unknown}


   Skills:
 + Level 5.7 Fighting
 + Level 5.9(6.2) Short Blades
 * Level 3.1(5.2) Long Blades
 + Level 2.8 Armour
 + Level 4.1 Dodging
 + Level 1.5 Stealth


You had 6 spell levels left.
You didn't know any spells.
Your spell library was empty.

Dungeon Overview and Level Annotations

Branches:
Dungeon (5/15)
 Temple: D:4-7

Altars:
Elyvilon

Shops:
D:2 [

Annotations:
D:3 1 transporter


Innate Abilities, Weirdness & Mutations

You have a pair of horns on your head.
You reflexively headbutt those who attack you in melee.


Message History

You throw a poisoned dart.
The poisoned dart misses the electric eel.
You hear a splash.
The electric eel shoots out a bolt of lightning at you!
The bolt of electricity hits you!
The bolt of electricity hits the plant! x2
Your skin crawls.
You feel strong-willed.
Okay, then.
As you read the scroll labelled MYARHID KEGALL, it crumbles to dust.
You feel momentarily disoriented.
It was a scroll of magic mapping.
Okay, then.
A red film seems to cover your vision as you go berserk!
You feel yourself moving faster!
You feel mighty!
The electric eel shoots out a bolt of lightning at you!
The bolt of electricity hits you!
The bolt of electricity hits the plant! x2
You feel a strong urge to attack something.
A nearby plant withers and dies.
The electric eel shoots out a bolt of lightning at you!
The bolt of electricity hits you! The bolt of electricity misses you.
The electric eel shoots out a bolt of lightning at you!
The bolt of electricity misses you. x2; The bolt of electricity hits the plant!
The plant begins to die.
There is an open door here.
The electric eel shoots out a bolt of lightning at you!
The bolt of electricity hits you!
* * * LOW HITPOINT WARNING * * *
The bolt of electricity hits the electric eel.
The electric eel completely resists.
The bolt of electricity hits the electric eel.
The electric eel completely resists.
The bolt of electricity hits you!
* * * LOW HITPOINT WARNING * * *
You barely miss the electric eel. You closely miss the electric eel.
Your headbutt misses the electric eel.
The electric eel shoots out a bolt of lightning at you!
The bolt of electricity hits you!
* * * LOW HITPOINT WARNING * * *
The bolt of electricity misses the electric eel.
The bolt of electricity hits the electric eel.
The electric eel completely resists.
The bolt of electricity hits you!
You die...

######.###.# #..........##
........#..# ##########..##
........#.#################..#
........#.#..................#
........#.#.###############..##
........#.#.#8~#SS~~~~~#P8#...#
........#...#..#.......#..#...#
######+##..©#©.'...⌠.:.+!©#©..#
....##.##...#..#@......#..#..##
....##.##...#8P#S~~~~~~#P8#.##
....##.###..###############.#
....##.# #..................#
....##.###.###...############
....##...........#
.##########.#....#
.##.......#.#....#
.##.......#.#....#


You could see 3 electric eels.

Vanquished Creatures
  Grinder (D:4)
  A phantom (D:4)
  3 howler monkeys (D:4)
  2 orc priests (D:3)
  Terence (D:2)
  An orc wizard (D:5)
  Robin (D:2)
  2 adders
  An ufetubus (D:4)
  A dart slug (D:1)
  10 orcs
  An endoplasm (D:1)
  6 giant cockroaches
  14 goblins
  4 hobgoblins
  3 jackals (D:1)
  6 kobolds
  3 quokkas
  5 ball pythons
  9 bats
  2 frilled lizards
  4 rats
81 creatures vanquished.

Vanquished Creatures (others)
  A butterfly (D:4)
  A plant (D:3)
2 creatures vanquished.

Grand Total: 83 creatures vanquished

Notes
Turn   | Place    | Note
-------+----------+-------------------------------------------
     0 | D:1      | kingsuperguy the Minotaur Berserker began the quest for the
                  | Orb.
     0 | D:1      | Reached XP level 1. HP: 19/19 MP: 0/0
   258 | D:1      | Reached XP level 2. HP: 21/27 MP: 1/1
  1030 | D:2      | Reached XP level 3. HP: 29/33 MP: 2/2
  1103 | D:2      | Noticed Terence
  1114 | D:2      | Killed Terence
  1297 | D:2      | Found a faded altar of an unknown god.
  1330 | D:2      | Reached XP level 4. HP: 40/41 MP: 3/3
  1485 | D:2      | Noticed Robin
  1488 | D:2      | Reached ** piety under Trog
  1503 | D:2      | Killed Robin
  1681 | D:2      | Found Zelat's Armour Emporium.
  2049 | D:3      | Found a transporter.
  2356 | D:3      | Reached skill level 1 in Long Blades
  2356 | D:3      | Reached XP level 5. HP: 47/47 MP: 4/4
  2731 | D:3      | Found a transporter.
  3060 | D:4      | Noticed a phantom
  3067 | D:4      | Reached skill level 5 in Fighting
  3075 | D:4      | Killed a phantom
  3076 | D:4      | Reached skill level 5 in Short Blades
  3076 | D:4      | Reached skill level 1 in Stealth
  3076 | D:4      | Reached XP level 6. HP: 56/56 MP: 5/5
  3134 | D:4      | Noticed Grinder
  3430 | D:4      | Paralysed by Grinder for 5 turns
  3439 | D:4      | Killed Grinder
  3516 | D:4      | Found the amulet of Elemental Vulnerability {rPois rF--
                  | rC-- AC+8}
  3613 | D:4      | Reached XP level 7. HP: 58/62 MP: 6/6
  3675 | D:4      | Found a white marble altar of Elyvilon.
  3953 | D:5      | Entered Level 5 of the Dungeon
  4155 | D:3      | Killed from afar by an electric eel

Illustrated notes

Levels and vault maps discovered:
D:1:      minmay_arrival_glassed_features, layout_basic
D:2:      layout_loops_ring, serial_shops, nicolae_shop_hallway_plus,
          hellmonk_ecumenical_altar_lost_god, uniq_robin, uniq_terence
D:3:      gammafunk_steamed_eel, layout_basic, kennysheep_generic_room_7
D:4:      layout_rooms, nicolae_elyvilon_peaceful_grove, uniq_grinder
D:5:      minmay_razor_zed, layout_loops_ring, kennysheep_mini, chequers_jeans,
          uniq_edmund, uniq_ijyb, uniq_eustachio

Skill      XL: |  1  2  3  4  5  6 |
---------------+-------------------+-----
Fighting       | 4 5 |  5.7
Short Blades   | 4 5 |  5.9
Long Blades    | 1 2 3 |  3.1
Dodging        | 3 4 |  4.1
Stealth        | 1 |  1.5
Armour         | |  2.8

Action                   |  1- 3 |  4- 6 |  7- 9 || total
-------------------------+-------+-------+-------++-------
Melee: Short sword       |    84 |       |       ||    84
       Headbutt          |    11 |    15 |     4 ||    30
       Punch             |     1 |       |     1 ||     2
       Rapier            |       |    93 |    28 ||   121
Throw: Dart              |       |       |     1 ||     1
Invok: Berserk           |     2 |     3 |     2 ||     7
       Trog's Hand       |       |       |     1 ||     1
  Use: Potion            |       |     3 |       ||     3
       Scroll            |       |     2 |     1 ||     3
 Stab: Sleeping          |       |     2 |       ||     2
Armor: Animal skin       |    24 |    15 |     3 ||    42
Dodge: Dodged            |    59 |    61 |    16 ||   136
